 Dungeon Crawl Stone Soup version 0.20.0-15-g7f486f2 (webtiles) character file.

443 Azzok the Firebug (level 6, 0/32 HPs)
             Began as a Deep Elf Fire Elementalist on June 14, 2017.
             Was a Follower of Vehumet.
             Succumbed to a worker ant's poison
             ... on level 4 of the Dungeon.
             The game lasted 00:09:08 (4524 turns).

Azzok the Firebug (Deep Elf Fire Elementalist)      Turns: 4524, Time: 00:09:09

Health: 0/32       AC:  4    Str:  5    XL:     6   Next: 71%
Magic:  5/12       EV: 13    Int: 22    God:    Vehumet [*.....]
Gold:   109        SH:  0    Dex: 15    Spells: 3/11 levels left

rFire    . . .     SeeInvis .   q - +1 long sword (holy)
rCold    . . .     Gourm    .   (no shield)
rNeg     . . .     Faith    .   a - +0 robe
rPois    .         Spirit   .   r - +0 helmet
rElec    .         Reflect  .   (no cloak)
rCorr    .         Harm     .   (no gloves)
MR       .....                  w - +0 pair of boots
Stlth    ++........             (no amulet)
Regen    0.1/turn               s - +1 ring of slaying
MPRegen  0.2/turn               (no ring)

@: lethally poisoned (0 -> -11), very slightly contaminated
A: no striking features
a: Renounce Religion


You were on level 4 of the Dungeon.
You worshipped Vehumet.
Vehumet was aware of your devotion.
You were not hungry.

You visited 1 branch of the dungeon, and saw 4 of its levels.

You collected 109 gold pieces.

Inventory:

Hand Weapons
 q - a +1 long sword of holy wrath (weapon)
Armour
 a - a +0 robe (worn)
 r - a +0 helmet (worn)
 w - a +0 pair of boots (worn)
Jewellery
 s - a +1 ring of slaying (left hand)
Scrolls
 d - 2 scrolls of identify
 e - 2 scrolls of fog
 f - 3 scrolls of remove curse
 h - a scroll of fear
 o - a scroll of immolation
 p - a scroll of teleportation
 u - a scroll of magic mapping {unknown}
 v - a scroll of amnesia
 y - a scroll of blinking {unknown}
Potions
 g - a potion of might {unknown}
 i - a potion of cancellation {unknown}
 j - 5 potions of curing {unknown}
 k - 2 potions of lignification {unknown}
 l - 4 potions of mutation {unknown}
 t - 2 potions of heal wounds {unknown}
Books
 b - a book of Flames

   Spells                             Type                      Level
   a - Flame Tongue                   Conjuration/Fire             1
   b - Throw Flame                    Conjuration/Fire             2
   c - Conjure Flame                  Conjuration/Fire             3
   d - Inner Flame                    Hexes/Fire                   3
   e - Sticky Flame                   Conjuration/Fire             4
   f - Fireball                       Conjuration/Fire             5
Comestibles
 c - a bread ration
 m - 9 fruits
 n - a royal jelly
 x - a meat ration


   Skills:
 - Level 2.4 Dodging
 - Level 2.4 Stealth
 - Level 3.0 Spellcasting
 + Level 5.2 Conjurations
 + Level 6.6 Fire Magic


You had 3 spell levels left.
You knew the following spells:

 Your Spells              Type           Power        Failure   Level  Hunger
a - Flame Tongue          Conj/Fire      ####.        1%          1    None
b - Conjure Flame         Conj/Fire      ####....     3%          3    ###....
c - Sticky Flame          Conj/Fire      ####....     11%         4    ####...


Dungeon Overview and Level Annotations

Branches:
Dungeon (4/15)
 Temple: D:4-7

Altars:
Dithmenos
Makhleb
Vehumet


Message History

Casting: Flame Tongue
Confirm with . or Enter, or press ? or * to list all spells.
Aiming: Flame Tongue
Press: ? - help, Shift-Dir - straight line, f/p - adder
Aim: an adder (severely wounded)
The flame tongue hits the adder.
You kill the adder!
Vehumet accepts your kill.
* * * LOW HITPOINT WARNING * * *
You feel sick.
Casting: Flame Tongue
Confirm with . or Enter, or press ? or * to list all spells.
Aiming: Flame Tongue
Press: ? - help, Shift-Dir - straight line, f - orc
Aim: an orc, wielding a hand axe The flame tongue hits the orc.
You kill the orc!
Vehumet accepts your kill.
You feel your power returning.
You die...

▒▒····▒ ▒·▒
·······
▒·▒▒▒▒▒▒▒▒
······▒
▒········▒
▒▒▒▒·▒▒
▒▒▒▒▒▒▒▒·▒ ··
▒·▒▒▒▒ ···
▒····▒ ··▒
▒▒▒▒▒▒▒····▒ ··▒
▒··········▒
··▒▒·▒▒▒▒▒@▒·▒▒
· ·[▒·▒▒▒·▒)▒·▒
· ▒·▒·▒▒··l·▒·▒
▒·'·········▒
▒···▒▒····▒▒▒
·······▒·······▒
·····▒▒▒▒▒▒·▒▒▒▒
▒▒▒··· ▒·▒ ·▒▒▒╬
▒·▒


You could see a frilled lizard.

Vanquished Creatures
  A scorpion (D:3)
  A centaur skeleton (D:4)
  A bullfrog skeleton (D:4)
  A hound (D:4)
  A worker ant (D:4)
  An iguana (D:4)
  Robin (D:2)
  8 gnolls
  6 adders
  A shadow imp (D:3)
  3 worms (D:2)
  3 dart slugs (D:3)
  2 leopard geckos (D:4)
  2 orcs
  5 giant cockroaches
  14 goblins
  14 hobgoblins
  7 jackals
  4 bats
  7 frilled lizards
  10 kobolds
  A quokka skeleton (D:4)
  10 rats
104 creatures vanquished.

Notes
Turn   | Place    | Note
-------+----------+-------------------------------------------
     0 | D:1      | Azzok the Deep Elf Fire Elementalist began the quest for the Orb.
     0 | D:1      | Reached XP level 1. HP: 10/10 MP: 6/6
    25 | D:1      | Reached XP level 2. HP: 15/15 MP: 2/8
   799 | D:1      | Reached skill level 4 in Fire Magic
   800 | D:1      | Reached XP level 3. HP: 19/19 MP: 5/9
   838 | D:1      | Learned a level 3 spell: Conjure Flame
  1476 | D:2      | Found a shadowy altar of Dithmenos.
  1867 | D:2      | Reached XP level 4. HP: 24/24 MP: 8/10
  1875 | D:2      | Noticed Robin
  1914 | D:2      | Killed Robin
  2112 | D:2      | Found a burning altar of Makhleb.
  2113 | D:2      | Found a radiant altar of Vehumet.
  2127 | D:2      | Became a worshipper of Vehumet
  2402 | D:2      | Reached skill level 5 in Fire Magic
  2436 | D:2      | Learned a level 4 spell: Sticky Flame
  2611 | D:2      | Reached XP level 5. HP: 24/28 MP: 8/11
  2820 | D:3      | Found a transporter.
  2875 | D:3      | Found a transporter.
  3147 | D:3      | Reached * piety under Vehumet
  3147 | D:3      | Offered knowledge of Shock by Vehumet.
  3509 | D:3      | Reached XP level 6. HP: 21/32 MP: 3/12
  3789 | D:3      | Reached skill level 6 in Fire Magic
  4502 | D:4      | Reached skill level 5 in Conjurations
  4523 | D:4      | HP: 1/32 [poisoned by a worker ant]
  4524 | D:4      | Succumbed to a worker ant's poison

Skill      XL: |  1  2  3  4  5  6 |
---------------+-------------------+-----
Conjurations   | 2 3 4 5 |  5.2
Fire Magic     | 4 5 6 |  6.6
Dodging        | |  2.4
Stealth        | |  2.4
Spellcasting   | |  3.0

Action                   |  1- 3 |  4- 6 || total
-------------------------+-------+-------++-------
Melee: Unarmed           |     1 |       ||     1
       Long sword        |       |    19 ||    19
 Cast: Flame Tongue      |    75 |   117 ||   192
       Conjure Flame     |       |     2 ||     2
       Sticky Flame      |       |     1 ||     1
  Use: Scroll            |       |     7 ||     7
  Eat: Chunk             |     3 |     8 ||    11
Armor: Robe              |     4 |     9 ||    13
Dodge: Dodged            |    30 |    61 ||    91
       Rpst.: Long sword |       |    19 ||    19
